 Dungeon Crawl Stone Soup version 0.31-a0-746-ge8284cb111 (webtiles) character file.

Game seed: 1509435040639488830

1382 GordonOverkill the Conjurer (level 8, -2/43 (48) HPs)
             Began as a Deep Elf Delver on Sept 14, 2023.
             Was an Initiate of Vehumet.
             Killed from afar by a white imp (6 damage)
             ... with a puff of frost
             ... on level 5 of the Dungeon.
             The game lasted 00:11:09 (4983 turns).

GordonOverkill the Conjurer (Deep Elf Delver)       Turns: 4983, Time: 00:11:09

HP:   -2/43 (48)    AC:  5    Str:  9    XL:     8   Next: 40%
MP:   19/19         EV: 13    Int: 18    God:    Vehumet [......]
Gold: 265           SH:  0    Dex: 16    Spells: 8/19 levels left

rFire   . . .        m - +2 dagger (venom)
rCold   . . .        (no shield)
rNeg    . . .        l - +2 animal skin
rPois   .            k - +0 helmet
rElec   .            (no cloak)
rCorr   .            (no gloves)
SInv    .            (no boots)
Will    .....        e - amulet of magic regeneration
Stlth   +++          (no ring)
HPRegen 0.27/turn    (no ring)
MPRegen 0.56/turn

%: no passive effects
@: hasted, heavily drained, very quick
A: no striking features
a: Renounce Religion


You were on level 5 of the Dungeon.
You worshipped Vehumet.
Vehumet was noncommittal.
You visited 1 branch of the dungeon, and saw 6 of its levels.

You collected 265 gold pieces.

Inventory:

Hand Weapons
 h - a +1 dagger of electrocution
 m - a +2 dagger of venom (weapon)
Missiles
 o - 3 poisoned darts (quivered)
 u - a throwing net
Armour
 i - a +0 robe of fire resistance
 k - a +0 helmet (worn)
 l - a +2 animal skin (worn)
 r - a +1 robe of cold resistance
Jewellery
 e - an amulet of magic regeneration (around neck)
Wands
 a - a wand of quicksilver (1)
 g - a wand of digging (3)
 y - a wand of mindburst (20)
Scrolls
 b - 2 scrolls of identify
 c - a scroll of fog
 d - a scroll of revelation
 j - a scroll of fear
 n - 2 scrolls of teleportation
 q - 2 scrolls of blinking {unknown}
 s - a scroll of torment {unknown}
 v - a scroll of amnesia {unknown}
 w - a scroll of enchant weapon {unknown}
 x - a scroll of silence {unknown}
Potions
 f - a potion of haste
 p - a potion of magic {unknown}
 t - 2 potions of berserk rage {unknown}
 z - 3 potions of curing {unknown}
 A - a potion of might {unknown}


   Skills:
 + Level 3.8 Fighting
 - Level 3.0 Short Blades
 - Level 1.0 Throwing
 - Level 3.0 Dodging
 - Level 6.0 Stealth
 - Level 6.0 Spellcasting
 - Level 7.0 Conjurations
 - Level 4.0 Translocations
 - Level 2.0 Evocations


You had 8 spell levels left.
You knew the following spells:

 Your Spells              Type           Power      Damage    Failure   Level
a - Iskenderun's Mystic   Conj/Tloc      25%        2d7       12%         4
b - Blink                 Tloc           38%        N/A       3%          2
c - Iskenderun's Battles  Conj           30%        2d8       19%         5

Your spell library contained the following spells:

 Spells                   Type           Power      Damage    Failure   Level
 Foxfire                  Conj/Fire      72%        2x1d7     2%          1
 Volatile Blastmotes      Fire/Tloc      24%        2d12      16%         3
 Ensorcelled Hibernation  Hex/Ice        10%        N/A       19%         2
 Jinxbite                 Hex            10%        N/A       19%         2
 Manifold Assault         Tloc           19%        N/A       22%         4
 Fulminant Prism          Conj/Hex       9%         3d6       28%         4
 Anguish                  Hex/Necr       2%         N/A       75%         4
 Leda's Unmaking          Conj/Erth      9%         9d2       99%         6
 Spellforged Servitor     Conj/Summ      9%         N/A       100%        7


Dungeon Overview and Level Annotations

Branches:
Dungeon (6/15)             Temple (0/1) D:4

Altars:
Fedhas
Uskayaw
Vehumet

Shops:
D:6 [


Message History

Done exploring.
Search for what [Enter for "."]? .
You start memorising the spell.
You continue memorising. x2
You finish memorising.
Spell assigned to 'b'.
This spell is quite dangerous to cast!
You start memorising the spell.
You continue memorising. x5
You finish memorising.
Spell assigned to 'c'.
Done exploring.
Done exploring.
Done exploring.
Done exploring.
There is a stone staircase leading down here.
You climb downwards.
The wight hits you from afar with a +3 trident!
The wight barely misses you.
The wight hits you from afar with a +2 trident!
* * * LOW HITPOINT WARNING * * *
You feel drained.
* * * LOW HITPOINT WARNING * * *
The white imp shouts!
The ufetubus shouts!
There is a stone staircase leading up, spattered with blood here.
The wight hits you with a +4 short sword!
* * * LOW HITPOINT WARNING * * *
You feel drained.
* * * LOW HITPOINT WARNING * * *
The white imp gestures at you. The puff of frost misses you.
The wight misses you.
The wight hits you from afar with a +2 trident!
* * * LOW HITPOINT WARNING * * *
You feel drained.
* * * LOW HITPOINT WARNING * * *
You climb upwards.
There is a stone staircase leading down here.
Okay, then.
Okay, then.
You feel yourself speed up. The wight barely misses you.
There is a stone staircase leading up here.
The white imp gestures at you. The puff of frost hits you.
You die...

.## #.......####...............#
.# ##.......#....#...###........
.# ##..........####........#....#
.# #..##......## #.##...........
.###......###..####.##...........
.#....#.....##...#...............
...##...!.#.####....###...>......
...####...#........## #.>........
...........####.@#..###..........
##.###...........................
#..##...........###.5.........))
##.##.#.####....# ###.#.###....)
#....#.## ###.######.#..####.##
####......# #........5##..##..##
.###......# #.......##>.......##
........[.# #.......##...).....)
.####.....# #.......##....<...#.


You could see a white imp.

Vanquished Creatures
  Sigmund (D:2)
  A yak (D:4)
  A wyvern (D:5)
  A black bear (D:5)
  An ogre (D:5)
  2 phantoms
  Blork the orc (D:4)
  A scorpion (D:5)
  A hound (D:4)
  2 orc priests (D:4)
  Jessica (D:3)
  2 sleepcaps
  3 iguanas
  2 orc wizards (D:5)
  A statue (D:3)
  Robin (D:1)
  3 gnolls (D:5)
  4 adders
  A worm (D:2)
  2 dart slugs (D:4)
  4 orcs
  6 ball pythons
  2 endoplasms
  A giant cockroach (D:4)
  11 goblins
  11 hobgoblins
  8 jackals (D:1)
  A quokka (D:1)
  2 bats
  5 frilled lizards
  5 kobolds
  3 rats (D:3)
91 creatures vanquished.

Notes
Turn   | Place    | Note
-------+----------+-------------------------------------------
     0 | D:5      | GordonOverkill the Deep Elf Delver began the quest for the
                  | Orb.
     0 | D:5      | Reached XP level 1. HP: 13/13 MP: 3/3
    10 | D:6      | Noticed a wight
    10 | D:6      | Noticed a wight
    10 | D:6      | Noticed a wight
    10 | D:6      | Noticed a wight
    10 | D:6      | Found Isax's Armour Shoppe.
    14 | D:5      | Noticed a black bear
    31 | D:5      | Noticed an iguana
   213 | D:3      | Reached skill level 1 in Evocations
   213 | D:3      | Reached XP level 2. HP: 17/18 MP: 4/4
   323 | D:3      | Found a hide-covered altar of Uskayaw.
   354 | D:2      | Reached XP level 3. HP: 22/22 MP: 5/5
   708 | D:1      | Reached skill level 1 in Throwing
  1365 | D:2      | Noticed Sigmund
  1371 | D:2      | Killed Sigmund
  1372 | D:2      | Reached skill level 3 in Conjurations
  1372 | D:2      | Reached XP level 4. HP: 28/28 MP: 5/10
  1372 | D:2      | Reached XP level 5. HP: 32/32 MP: 5/11
  1377 | D:2      | Learned a level 4 spell: Iskenderun's Mystic Blast
  1466 | D:2      | Noticed Robin
  1503 | D:2      | Noticed a floating eye
  1505 | D:2      | Found a faded altar of an unknown god.
  1550 | D:1      | Killed Robin
  1671 | D:2      | Reached skill level 1 in Translocations
  1946 | D:2      | Noticed a floating eye
  1950 | D:2      | Noticed a golden eye
  1950 | D:2      | Noticed an eye of devastation
  2488 | D:3      | Noticed Jessica
  2495 | D:3      | Killed Jessica
  2496 | D:3      | Reached XP level 6. HP: 37/37 MP: 12/12
  2592 | D:3      | Found a radiant altar of Vehumet.
  2634 | D:3      | Became a worshipper of Vehumet
  3074 | D:4      | Noticed a yak
  3131 | D:4      | Killed a yak
  3220 | D:4      | Reached skill level 4 in Conjurations
  3221 | D:4      | Reached XP level 7. HP: 22/41 MP: 15/15
  3465 | D:4      | Noticed Blork the orc
  3470 | D:4      | Killed Blork the orc
  3638 | D:4      | Found a staircase to the Ecumenical Temple.
  3725 | D:5      | Reached skill level 5 in Conjurations
  3880 | D:5      | Noticed a wyvern
  3889 | D:5      | Killed a wyvern
  3890 | D:5      | Reached skill level 6 in Conjurations
  4202 | D:4      | Reached XP level 8. HP: 6/46 MP: 16/16
  4355 | D:5      | Reached skill level 7 in Conjurations
  4365 | D:5      | Reached skill level 5 in Spellcasting
  4513 | D:5      | Found a blossoming altar of Fedhas.
  4696 | D:5      | Reached * piety under Vehumet
  4696 | D:5      | Offered knowledge of Foxfire by Vehumet.
  4937 | D:5      | Learned a level 2 spell: Blink
  4943 | D:5      | Learned a level 5 spell: Iskenderun's Battlesphere
  4971 | D:6      | HP: 1/43 [wight/+2 trident (3)]
  4983 | D:5      | Killed from afar by a white imp

Illustrated notes

Levels and vault maps discovered:
D:1:      spicycebolla_green_bress_n_ham_2, layout_basic
D:2:      layout_basic, hellmonk_ecumenical_altar_watching_god, nicolae_titane,
          uniq_sigmund, uniq_robin
D:3:      layout_basic, nicolae_uskayaw_dance_hall, vehumet_statue, uniq_jessica
D:4:      minmay_chambers_of_fours, layout_loops_ring, minmay_temple_entry_grid,
          kennysheep_path_1, uniq_blork_the_orc
D:5:      layout_rooms, mainiacjoe_overflow_six_doors_small,
          minmay_a_box_with_orc_wizards_in_it
D:6:      layout_rooms, lightli_temple_of_fire, serial_shops, shop,
          interstate_on_off, kennysheep_generic_room_8

Skill      XL: |  1  2  3  4  5  6  7  8 |
---------------+-------------------------+-----
Evocations     | 1 2 |  2.0
Short Blades   | 3 |  3.0
Throwing       | 1 |  1.0
Fighting       | 3 |  3.8
Spellcasting   | 3 4 6 |  6.0
Conjurations   | 3 4 6 7 |  7.0
Dodging        | 3 |  3.0
Translocations | 1 3 4 |  4.0
Stealth        | |  6.0

Action                     |  1- 3 |  4- 6 |  7- 9 || total
---------------------------+-------+-------+-------++-------
  Melee: Dagger            |    88 |   120 |   131 ||   339
         Punch             |     1 |     4 |     5 ||    10
  Throw: Dart              |       |     7 |     1 ||     8
   Cast: Iskenderun's Myst |       |       |     3 ||     3
  Evoke: Wand              |       |     1 |     5 ||     6
    Use: Scroll            |     3 |       |       ||     3
         Potion            |       |     1 |     1 ||     2
   Stab: Sleeping          |    13 |     5 |     2 ||    20
 Armour: Leather armour    |    34 |       |       ||    34
         Animal skin       |       |    35 |    92 ||   127
         Robe              |       |     8 |       ||     8
  Dodge: Dodged            |    52 |    40 |    68 ||   160

Table legend: (Time is in decaauts)
 A = Elapsed time spent in this place.
 B = Non-inter-level travel time spent in this place.
 C = Inter-level travel time spent in this place.
 D = Time resting spent in this place.
 E = Time spent auto-exploring this place.
 F = Levels seen in this place.
 G = Mean time per level.
                   A        B        C        D        E       F      G
               +--------+--------+--------+--------+--------+-----+--------+
         Total |   4920 |   4786 |    134 |    797 |   2843 |   6 |  820.0 |
       Dungeon |   4920 |   4786 |    134 |    797 |   2843 |   6 |  820.0 |
               +--------+--------+--------+--------+--------+-----+--------+

Top non-repeatable levels by time:
     D:5: 1087 daAuts
     D:4: 1087 daAuts
     D:1: 1033 daAuts
     D:2: 875 daAuts
     D:3: 831 daAuts
     D:6: 5 daAuts
